 Dungeon Crawl Stone Soup version 0.23.1 (webtiles) character file.

Game seed: 8553372079882485618

151 Borgoz the Sneak (level 5, -1/35 HPs)
             Began as a Halfling Assassin on Mar 7, 2019.
             Slain by Natasha (4 damage)
             ... on level 2 of the Dungeon.
             The game lasted 00:03:25 (2148 turns).

Borgoz the Sneak (Halfling Assassin)                Turns: 2148, Time: 00:03:27

Health: -1/35      AC:  4    Str: 11 (13) XL:     5   Next: 59%
Magic:  5/5        EV: 14    Int:  9      God:
Gold:   55         SH:  0    Dex: 14 (16) Spells: 4/4 levels left

rFire    . . .     SeeInvis .   a - +2 dagger
rCold    . . .     Gourm    .   (shield restricted)
rNeg     . . .     Faith    .   j - +0 leather armour
rPois    .         Spirit   .   (no helmet)
rElec    .         Reflect  .   k - scarf {cloud immunity}
rCorr    .         Harm     .   p - +0 pair of gloves
MR       .....                  (no boots)
Stlth    +++.......             (no amulet)
HPRegen  0.11/turn              (no ring)
MPRegen  0.09/turn              (no ring)

@: slowed, very slow
A: small, mutation resistance 1
a: no special abilities


You were on level 2 of the Dungeon.
You were not hungry.

You visited 1 branch of the dungeon, and saw 3 of its levels.

You collected 55 gold pieces.

Inventory:

Hand Weapons
 a - a +2 dagger (weapon)
 b - a +0 blowgun
Missiles
 e - 4 poisoned needles
 f - 2 curare-tipped needles
Armour
 j - a +0 leather armour (worn)
 k - a scarf of cloud immunity (worn)
 p - a +0 pair of gloves (worn)
Scrolls
 h - a scroll of identify {unknown}
 m - a scroll of fog {unknown}
 o - a scroll of enchant weapon {unknown}
Comestibles
 g - 5 rations


   Skills:
 + Level 2.6 Fighting
 + Level 3.5 Short Blades
 - Level 2.0 Throwing
 + Level 2.0 Armour
 + Level 2.5 Dodging
 + Level 5.1 Stealth


You had 4 spell levels left.
You didn't know any spells.
Your spell library was empty.

Dungeon Overview and Level Annotations

Branches:
Dungeon (3/15)

Altars:

Annotations:
D:2 Natasha


Innate Abilities, Weirdness & Mutations

You are small and have problems with some larger weapons.
You are somewhat resistant to further mutation.


Message History

Natasha is severely wounded.
Natasha claws you!
* * * LOW HITPOINT WARNING * * *
Okay, then.
You aren't carrying any potions.
You barely miss Natasha.
Natasha is severely wounded.
Natasha claws you.
* * * LOW HITPOINT WARNING * * *
You hit Natasha.
Natasha is almost dead.
Natasha stares at you and mumbles some strange words.
You feel yourself slow down.
You closely miss Natasha.
Natasha is almost dead.
Natasha mumbles some strange words.
You barely miss Natasha.
Natasha is almost dead.
Natasha claws you.
You die...

#(# #....# ##.##.# #.#
###.#..# ##....# #.#
#...#..###..#...
#.####.###...##.#####
#..#...# #...#..# #
#####.#.### ##..#.##
#....>...# ##...######
#........######.....#...
#......@......>........#
#......h.###.###.#####..
###.....(5.....###.#######
#....##.#####.......##...#
#....##(# #..####.#.....
#....##.# #.## #.......
#....##.#####.# #....(..
#..).#........# #.......
###.##...######## #.......


You could see an iron imp and Natasha.

Vanquished Creatures
  Natasha (twice) (D:2)
  4 adders
  3 dart slugs
  A leopard gecko (D:1)
  A ball python (D:2)
  7 bats
  3 giant cockroaches
  6 hobgoblins
  8 jackals
  2 frilled lizards (D:2)
  6 goblins
  7 kobolds
  6 rats
56 creatures vanquished.

Notes
Turn   | Place    | Note
-------+----------+-------------------------------------------
     0 | D:1      | Borgoz the Halfling Assassin began the quest for the Orb.
     0 | D:1      | Reached XP level 1. HP: 14/14 MP: 1/1
   204 | D:1      | Reached XP level 2. HP: 15/19 MP: 2/2
   440 | D:1      | Reached XP level 3. HP: 24/24 MP: 3/3
   443 | D:1      | Reached skill level 1 in Armour
   826 | D:2      | Reached XP level 4. HP: 23/29 MP: 4/4
  1216 | D:2      | Noticed Natasha
  1235 | D:2      | Killed Natasha
  1235 | D:2      | Reached skill level 5 in Stealth
  1235 | D:2      | Reached XP level 5. HP: 5/35 MP: 5/5
  1472 | D:2      | Noticed Natasha
  1498 | D:2      | Killed Natasha
  2127 | D:2      | Noticed Natasha
  2148 | D:2      | Slain by Natasha

Skill      XL: |  1  2  3  4  5 |
---------------+----------------+-----
Fighting       | 2 |  2.6
Armour         | 1 2 |  2.0
Short Blades   | 3 |  3.5
Dodging        | 2 |  2.5
Stealth        | 5 |  5.1
Throwing       | |  2.0

Action                   |  1- 3 |  4- 6 || total
-------------------------+-------+-------++-------
Melee: Dagger            |    93 |   130 ||   223
 Fire: Blowgun           |       |     9 ||     9
  Use: Potion            |       |     4 ||     4
       Scroll            |       |     1 ||     1
 Stab: Sleeping          |     6 |     5 ||    11
  Eat: Chunk             |       |     4 ||     4
Armor: Robe              |     3 |       ||     3
       Leather armour    |    14 |    25 ||    39
       Skin              |       |     2 ||     2
Dodge: Dodged            |    52 |    69 ||   121
